 Dungeon Sprint DCSS version 0.30-a0-364-gf6b3ef1049 (webtiles) character file.

Game seed: 291953006699519230

62 opdollar the Ruffian (level 4, -6/42 HPs)
             Began as a Ghoul Monk on Nov 14, 2022.
             Mangled by a killer bee (8 damage)
             ... in the Dungeon (Sprint IV: "Fedhas' Mad Dash").
             The game lasted 00:04:58 (77 turns).

opdollar the Ruffian (Ghoul Monk)                     Turns: 77, Time: 00:04:59

Health: -6/42      AC:  2    Str: 14    XL:     4   Next: 8%
Magic:  3/3        EV: 13    Int:  5    God:
Gold:   36         SH:  0    Dex: 13    Spells: 3/3 levels left

rFire   . . .      SeeInvis .      - Unarmed
rCold   + . .      Faith    .    (no shield)
rNeg    + + +      Spirit   .    a - +0 robe
rPois   ∞          Reflect  .    (no helmet)
rElec   .          Harm     .    (no cloak)
rCorr   .          Rampage  .    (no gloves)
Will    .....      NoTele   +    (no boots)
Stlth   ++........               g - amulet of invisibility {+Inv}
HPRegen 0.00/turn                (no ring)
MPRegen 0.08/turn                (no ring)

@: inhibited regen
A: claws 1, cold resistance 1, negative energy resistance 3, inhibited
regeneration, torment resistance 2, devour on kill
a: Evoke Invisibility


You were in the Dungeon.
You visited 1 branch You collected 36 gold pieces.

Inventory:

Hand Weapons
 i - a +0 short sword
Missiles
 h - 4 stones (quivered)
Armour
 a - a +0 robe (worn)
Jewellery
 g - the amulet of invisibility (around neck) {+Inv}
   (You found it in the Dungeon)

   [amulet of nothing]

   +Inv:      It lets you turn invisible.
Potions
 b - a potion of ambrosia
 c - 2 potions of curing
 d - a potion of heal wounds
 e - a potion of haste
 f - 2 potions of magic


   Skills:
 + Level 5.5 Fighting
 + Level 4.6 Dodging
 + Level 3.1 Stealth
 + Level 5.8 Unarmed Combat


You had 3 spell levels left.
You didn't know any spells.
Your spell library was empty.

Dungeon Overview and Level Annotations

Branches:
Dungeon (1/1)

Altars:
Cheibriados
Gozag
Hepliaklqana
Makhleb
Nemelex Xobeh
Ru
Sif Muna
Trog
Wu Jian
Xom
Yredelemnul
Jiyva

Annotations:
D exclusion: 3 oklob saplings


Innate Abilities, Weirdness & Mutations

You are immune to poison.
You have sharp fingernails.
Your flesh is cold resistant. (rC+)
You are immune to negative energy. (rN+++)
You do not regenerate when monsters are visible.
You are immune to unholy pain and torment.
You thrive by killing the living.


Message History

Found 18 gold pieces.
Unknown command.
There is an open door here.
You open the door.
There is an open door here. 2 killer bees and a queen bee come into view.
The killer bee buzzes angrily. x2; You hear an angry buzzing noise.
A killer bee comes into view.
The killer bee moves out of view.
A killer bee comes into view.
The killer bee moves out of view.
You open the door.
The killer bee buzzes angrily.
You hear an angry buzzing noise.
The killer bee misses you.
Found 25 gold pieces and a piece from Xom's chessboard (15/15).
A burning bush comes into view.
Found 18 gold pieces.
The killer bee closely misses you.
There is an open door here.
The killer bee stings you.
You see here 8 gold pieces.
The killer bee stings you.
You see here 17 gold pieces.
The killer bee attacks as you move away!
The killer bee barely misses you.
The killer bee attacks as you move away!
The killer bee stings you!
You see here 12 gold pieces.
The killer bee barely misses you. The killer bee stings you. x2
You see here 6 gold pieces.
You claw the killer bee!
The killer bee is heavily wounded.
The killer bee closely misses you. x4
The burning bush throws fire at you. The puff of flame hits you!
* * * LOW HITPOINT WARNING * * *
You barely miss the killer bee.
The killer bee is heavily wounded.
The killer bee buzzes angrily.
The killer bee stings you!
You die...

#<..P#...†.#.$...#.⌠.
#PP..'.....'.#...'.._
#PPPP#.....#P#...#...
###############'##.._
#.y.♣........'...#._.
#....y.♣.....#$P$####
♣..♣..######
####y##### #@y$$+
#Py### ####


You could see a burning bush and 3 killer bees.

Vanquished Creatures
  A scorpion (D)
  A river rat (D)
  A rat (D)
3 creatures vanquished.

Notes
Turn   | Place    | Note
-------+----------+-------------------------------------------
     0 | D        | opdollar the Ghoul Monk began the quest for the Orb.
     0 | D        | Reached XP level 1. HP: 19/19 MP: 0/0
     9 | D        | Reached XP level 2. HP: 22/27 MP: 1/1
    17 | D        | Noticed an oklob sapling
    27 | D        | Noticed a scorpion
    27 | D        | Found the amulet of invisibility {+Inv}
    35 | D        | Killed a scorpion
    36 | D        | Reached skill level 5 in Fighting
    36 | D        | Reached skill level 5 in Unarmed Combat
    36 | D        | Reached XP level 3. HP: 32/36 MP: 2/2
    36 | D        | Reached XP level 4. HP: 37/42 MP: 3/3
    54 | D        | Found an opulent altar of Gozag.
    54 | D        | Found a hazy altar of Hepliaklqana.
    54 | D        | Found a burning altar of Makhleb.
    54 | D        | Found a sparkling altar of Nemelex Xobeh.
    54 | D        | Found a sacrificial altar of Ru.
    54 | D        | Found a shimmering blue altar of Sif Muna.
    54 | D        | Found an ornate altar of the Wu Jian Council.
    54 | D        | Found a shimmering altar of Xom.
    54 | D        | Found a basalt altar of Yredelemnul.
    55 | D        | Found a snail-covered altar of Cheibriados.
    56 | D        | Found a viscous altar of Jiyva.
    56 | D        | Found a bloodstained altar of Trog.
    56 | D        | Noticed an oklob sapling priest
    68 | D        | Noticed a queen bee
    71 | D        | Noticed a burning bush
    76 | D        | HP: 2/42 [burning bush/puff of flame (13)]
    77 | D        | Mangled by a killer bee

Illustrated notes

Levels and vault maps discovered:
D:        dungeon_sprint_fedhas [sprint_temple]

Skill      XL: |  1  2 |
---------------+-------+-----
Fighting       | 4 5 |  5.5
Dodging        | 3 4 |  4.6
Unarmed Combat | 4 5 |  5.8
Stealth        | 3 |  3.1

Action                   |  1- 3 |  4- 6 || total
-------------------------+-------+-------++-------
Melee: Unarmed           |    11 |     2 ||    13
  Use: Scroll            |     1 |       ||     1
 Stab: Sleeping          |     1 |       ||     1
Dodge: Dodged            |     4 |     8 ||    12

Table legend: (Time is in decaauts)
 A = Elapsed time spent in this place.
 B = Non-inter-level travel time spent in this place.
 C = Inter-level travel time spent in this place.
 D = Time resting spent in this place.
 E = Time spent auto-exploring this place.
 F = Levels seen in this place.
 G = Mean time per level.
                   A        B        C        D        E       F      G
               +--------+--------+--------+--------+--------+-----+--------+
         Total |     76 |     57 |     19 |      0 |      0 |   1 |   76.0 |
       Dungeon |     76 |     57 |     19 |      0 |      0 |   1 |   76.0 |
               +--------+--------+--------+--------+--------+-----+--------+

Top non-repeatable levels by time:
       D: 76 daAuts
